 Dungeon Crawl Stone Soup version 0.26-a0-613-g4f23886233 (webtiles) character file.

Game seed: 14106630227399945258

28 Colgate the Sneak (level 2, -1/14 HPs)
             Began as a Felid Delver on Sept 11, 2020.
             Slain by a mummy (6 damage)
             ... in an ossuary.
             The game lasted 00:07:50 (616 turns).

Colgate the Sneak (Felid Delver)                     Turns: 616, Time: 00:07:51

Health: -1/14      AC:  1    Str:  8    XL:     2   Next: 96%
Magic:  3/3        EV: 18    Int: 11    God:
Gold:   0          SH:  0    Dex: 17    Spells: 1/1 levels left
                                        Lives:  0   Deaths: 0

rFire    . . .     SeeInvis +     - Unarmed
rCold    . . .     Faith    .   (shield unavailable)
rNeg     . . .     Spirit   .   (armour unavailable)
rPois    .         Reflect  .   (helmet unavailable)
rElec    .         Harm     .   (cloak unavailable)
rCorr    .                      (gloves unavailable)
MR       .....                  (boots unavailable)
Stlth    ++++......             (no amulet)
HPRegen  0.04/turn              (no ring)
MPRegen  0.08/turn              (no ring)

@: hasted, very quick
A: very small, no armour, no weapons or thrown items, stealth, claws 1, fangs 3,
see invisible, speed 1, shaggy fur 1, sharp paws
a: no special abilities


You were in an ossuary.
You visited 1 branch of the dungeon, and saw 1 of its levels.
You also visited: Ossuary.

Inventory:

Wands
 e - a wand of digging (3)
Scrolls
 a - a scroll of fog
 c - a scroll of fear


   Skills:
 - Level 3.0 Fighting
 - Level 2.6 Dodging
 + Level 7.9 Stealth
 - Level 2.0 Unarmed Combat


You had one spell level left.
You didn't know any spells.
Your spell library was empty.

Dungeon Overview and Level Annotations

Branches:
Dungeon (5/15)            Ossuary (1/1)
 Temple: D:4-7

Altars:


Innate Abilities, Weirdness & Mutations

You cannot wear armour.
You are incapable of wielding weapons or throwing items.
Your paws allow you to move quietly. (Stealth)
You have sharp claws.
You have razor-sharp teeth.
You have supernaturally acute eyesight. (SInv)
You cover ground quickly.
You are covered in fur. (AC +1)
Your sharp claws are effective at attacking unaware monsters.


Message History

Evoke which item? (* to show all) (? for menu, Esc to quit)
Press: ? - help, Shift-Dir - straight line Digging in that direction won't affect any walls.
A stone wall.
Okay, then.
A human zombie comes into view.
You feel yourself speed up. The hobgoblin zombie misses you.
You scratch the kobold zombie.
The kobold zombie is heavily damaged.
The kobold zombie misses you.
You closely miss the kobold zombie.
The kobold zombie is heavily damaged.
The mummy closely misses you.
You barely miss the kobold zombie.
The kobold zombie is heavily damaged.
The kobold zombie hits you. The hobgoblin zombie barely misses you.
You scratch the kobold zombie.
The kobold zombie is severely damaged.
The mummy hits you.
You die...

#.Z.# #.......#...#
#..Z# #.......#...#
#...# #.∩.....#...#
#...# ....+####...#
#...# #...# #...#
#...# #...#
#.ZZ##############...#
#...ZZZ.M............#
#..ZMZZ@ZZ∩∩.........#
######################


You could see 2 mummies, 2 hobgoblin zombies, 4 kobold zombies, 2 elf zombies
and 2 human zombies.

Vanquished Creatures
  A mummy (D:5)
  4 hobgoblin zombies (Ossuary)
  A jackal zombie (Ossuary)
  6 kobold zombies (Ossuary)
  12 orc zombies (Ossuary)
  A rat zombie (Ossuary)
25 creatures vanquished.

Notes
Turn   | Place    | Note
-------+----------+-------------------------------------------
     0 | D:5      | Colgate the Felid Delver began the quest for the Orb.
     0 | D:5      | Reached XP level 1. HP: 10/10 MP: 2/2
    14 | D:5      | Found a sand-covered staircase.
    16 | D:5      | Reached skill level 7 in Stealth
    16 | D:5      | Reached XP level 2. HP: 14/14 MP: 3/3
    19 | Ossuary  | Entered an ossuary
   616 | Ossuary  | Slain by a mummy

Illustrated notes

Levels and vault maps discovered:
D:5:      layout_rooms, nicolae_overflow_crystal_walls, old_standard_altar,
          kennysheep_mini, nicolae_ossuary_entry_giza
Ossuary:  ossuary_tomb_1

Skill      XL: |  1 |
---------------+----+-----
Stealth        | 7 |  7.9
Fighting       | |  3.0
Dodging        | |  2.6
Unarmed Combat | |  2.0

Action                   || total
-------------------------++-------
Melee: Unarmed           ||    86
       Bite              ||     9
       Punch             ||     1
  Use: Scroll            ||     1
       Potion            ||     1
 Stab: Sleeping          ||     6
Armor: Skin              ||     5
Dodge: Dodged            ||    50

Table legend: (Time is in decaauts)
 A = Elapsed time spent in this place.
 B = Non-inter-level travel time spent in this place.
 C = Inter-level travel time spent in this place.
 D = Time resting spent in this place.
 E = Time spent auto-exploring this place.
 F = Levels seen in this place.
 G = Mean time per level.
                   A        B        C        D        E       F      G
               +--------+--------+--------+--------+--------+-----+--------+
         Total |    542 |    532 |     10 |      0 |    209 |   2 |  271.0 |
       Dungeon |     16 |      6 |     10 |      0 |      0 |   1 |   16.0 |
       Ossuary |    526 |    526 |      0 |      0 |    209 |   1 |  526.0 |
               +--------+--------+--------+--------+--------+-----+--------+

Top non-repeatable levels by time:
 Ossuary: 526 daAuts
     D:5: 16 daAuts
